AoeStats
← 竞技场场王

Arena

509330494Analyzed
4v4 RM · 7d ago on Sep 26, 2026· 52m 9s· 8 players
Game mode
Random Map
Map size
Large (8 player)
Population
200
Speed
Normal
Resources
Standard
Victory
Conquest
Starting age
Dark Age
Ending age
Imperial Age
RankedLock teamsTeams togetherTeam positionsShared explorationLock speedFull tech treeHidden civsTurbo modeCheats
Victory
Defeat
🇻🇳 Bengalis · Vietnam
1333
+13
🇨🇿 Varangians · Czechia
1243
+17
🇦🇺 Franks · Australia
1225
+17
🇦🇺 Danes · Australia
1216
+18
🇨🇳 Saxons · China
1321
-19
🇨🇳 Varangians · China
1309
-18
🇨🇳 Mongols · China
1275
-17
1125
-11
竞技场场王
10:00 Feudal Age
10:41 Double-Bit Axe
13:39 Castle Age
12:05 Horse Collar
20:11 Wheelbarrow
20:43 Bow Saw
20:43 Heavy Plow
22:42 Hand Cart
23:57 Gold Mining
24:01 Stone Mining
27:26 Imperial Age
25:44 Gold Shaft Mining
25:02 Fletching
24:59 Loom
25:33 Scale Mail Armor
25:43 Forging
25:35 Town Watch
26:56 Chain Mail Armor
26:41 Guard Tower
26:48 Bodkin Arrow
27:49 Squires
28:52 Conscription
27:57 Capped Ram
27:59 Elite Varangian Guard
29:12 Plate Mail Armor
31:11 Two-Man Saw
30:16 Shield Wall
31:49 Iron Casting
32:52 Keep
32:39 Ballistics
32:20 Bracer
33:22 Siege Engineers
34:15 Onager
34:27 Siege Ram
37:35 Chemistry
36:20 Arrowslits
36:17 Treadmill Crane
36:48 Masonry
39:28 Man-at-Arms
39:53 Gambesons
40:11 Murder Holes
40:46 Architecture
40:35 Long Swordsman
41:46 Two-Handed Swordsman
42:25 Champion
44:23 Onager
44:42 Pikeman
47:19 Hoardings
46:51 Town Patrol
46:36 Halberdier
不学不练
10:17 Feudal Age
10:17 Loom
11:29 Double-Bit Axe
14:50 Castle Age
20:31 Fletching
39:44 Bow Saw
40:18 Horse Collar
47:39 Husbandry
48:32 Wheelbarrow
48:51 Forging
48:47 Scale Barding Armor
48:43 Gold Mining
50:07 Bloodlines
50:38 Iron Casting
不太爽
9:50 Feudal Age
13:58 Castle Age
12:22 Double-Bit Axe
12:23 Horse Collar
15:30 Light Cavalry
21:15 Loom
22:05 Gold Mining
22:48 Bow Saw
23:15 Heavy Plow
24:21 Stone Mining
28:55 Imperial Age
27:32 Wheelbarrow
26:45 Town Watch
27:21 Bloodlines
27:11 Husbandry
27:56 Scale Barding Armor
28:10 Forging
27:50 Fletching
29:00 Cavalier
33:30 Iron Casting
35:52 Two-Man Saw
35:40 Bodkin Arrow
36:31 Squires
38:17 Pikeman
39:15 Halberdier
39:57 Scale Mail Armor
40:18 Padded Archer Armor
41:36 Town Patrol
41:32 Hussar
44:34 Conscription
43:38 Gothikon
47:43 Elite Skirmisher
47:45 Cranequins
51:14 Leather Archer Armor
noob but hard practice
11:20 Feudal Age
13:02 Double-Bit Axe
15:19 Castle Age
13:02 Horse Collar
16:29 Bow Saw
16:27 Heavy Plow
17:29 Wheelbarrow
20:56 Gold Mining
22:02 Hand Cart
23:16 Stone Mining
28:18 Imperial Age
26:37 Forging
26:33 Scale Barding Armor
26:57 Loom
27:54 Iron Casting
27:23 Husbandry
27:34 Bloodlines
28:08 Stone Shaft Mining
28:38 Chain Barding Armor
28:23 Cavalier
30:45 Blast Furnace
31:48 Plate Barding Armor
32:50 Scale Mail Armor
32:41 Fletching
35:20 Light Cavalry
37:13 Conscription
36:16 Vendel Legacy
37:21 Hussar
Learn2Play
10:08 Feudal Age
13:54 Castle Age
11:55 Double-Bit Axe
12:43 Loom
13:32 Gold Mining
15:01 Bow Saw
17:00 Sanctity
20:00 Fervor
21:24 Redemption
23:52 Horse Collar
27:09 Wheelbarrow
30:10 Imperial Age
31:39 Block Printing
32:30 Herbal Medicine
32:36 Devotion
33:01 Illumination
33:40 Hand Cart
33:34 Heavy Plow
34:35 Two-Man Saw
34:30 Fletching
34:41 Padded Archer Armor
35:23 Bodkin Arrow
35:46 Leather Archer Armor
36:25 Bracer
38:04 Ring Archer Armor
38:47 Ballistics
40:00 Husbandry
40:11 Bloodlines
39:58 Stone Mining
40:10 Elite Elephant Archer
41:52 Conscription
42:14 Gold Shaft Mining
42:28 Masonry
43:25 Chemistry
42:36 Masonry
43:03 Paiks
43:52 Siege Engineers
44:21 Scale Barding Armor
44:27 Forging
45:30 Crop Rotation
46:12 Arrowslits
46:58 Architecture
46:25 Murder Holes
46:40 Fortified Wall
46:11 Elite Ratha (Ranged)
48:34 Chain Barding Armor
48:50 Iron Casting
48:41 Mahayana
50:22 Town Watch
52:24 Plate Barding Armor
Zelda
10:55 Feudal Age
16:37 Castle Age
14:36 Loom
15:08 Double-Bit Axe
15:28 Horse Collar
22:25 Wheelbarrow
22:47 Heavy Plow
23:57 Hand Cart
24:17 Bow Saw
27:07 Gold Mining
30:14 Imperial Age
28:08 Scale Mail Armor
28:17 Squires
28:05 Arson
29:15 Forging
30:44 Chain Mail Armor
31:29 Iron Casting
31:34 Conscription
34:03 Elite Varangian Guard
37:36 Fletching
honey badger
10:39 Feudal Age
14:27 Castle Age
12:19 Double-Bit Axe
16:35 Bow Saw
20:00 Loom
23:19 Fletching
23:48 Gold Mining
25:05 Scale Barding Armor
26:06 Wheelbarrow
26:03 Stone Mining
30:54 Imperial Age
28:27 Husbandry
29:20 Chain Barding Armor
29:27 Hand Cart
28:57 Town Watch
31:16 Gold Shaft Mining
30:54 Forging
30:59 Cavalier
32:03 Conscription
32:26 Conscription
34:19 Plate Barding Armor
33:44 Paladin
35:53 Iron Casting
35:31 Chivalry
36:09 Light Cavalry
37:53 Blast Furnace
40:37 Ballistics
40:23 Siege Engineers
41:19 Chemistry
40:22 Scale Mail Armor
39:48 Pikeman
41:53 Chain Mail Armor
41:03 Halberdier
41:44 Squires
41:30 Arson
43:38 Bodkin Arrow
45:16 Plate Mail Armor
51:17 Hoardings
Julian
10:40 Feudal Age
12:12 Horse Collar
14:53 Castle Age
13:21 Double-Bit Axe
17:21 Bow Saw
17:15 Heavy Plow
20:52 Stone Mining
20:55 Gold Mining
22:27 Wheelbarrow
24:45 Stone Shaft Mining
24:48 Gold Shaft Mining
24:20 Town Watch
24:26 Loom
25:30 Hand Cart
29:37 Imperial Age
27:26 Hamask
28:39 Fletching
28:51 Scale Mail Armor
29:02 Forging
28:53 Padded Archer Armor
29:34 Town Patrol
30:04 Bodkin Arrow
30:25 Chain Mail Armor
29:59 Gambesons
30:15 Squires
30:01 Arson
30:15 Heavy Scorpion
31:43 Ballistics
32:24 Chemistry
31:20 Murder Holes
32:10 Iron Casting
32:16 Bracer
33:08 Plate Mail Armor
33:10 Conscription
34:35 Pikeman
34:36 Man-at-Arms
36:37 Blast Furnace
35:01 Elite Jomsviking
35:10 Halberdier
35:34 Long Swordsman
37:56 Two-Handed Swordsman
38:37 Champion
45:15 Capped Ram
50:40 Siege Ram
Connection lost

Rejoining the realm…

Still unreachable

The connection could not be restored.

Session expired

The server has moved on; the page needs a fresh start.